 Dungeon Crawl Stone Soup version 0.19-a0-1650-g9239046 (webtiles) character file.

17 Gorfmaster the Skirmisher (level 2, 0/19 HPs)
             Began as a Gargoyle Berserker on Sept 19, 2016.
             Was a Follower of Trog.
             Slain by a jackal (1 damage)
             ... on level 1 of the Dungeon.
             The game lasted 00:03:01 (762 turns).

Gorfmaster the Skirmisher (Gargoyle Berserker)       Turns: 762, Time: 00:03:01

Health: 0/19       AC:  5    Str: 20    XL:     2   Next: 62%
Magic:  2/2        EV: 12    Int:  7    God:    Trog [*.....]
Gold:   28         SH:  0    Dex: 13    Spells: 0 memorised, 1 level left

rFire  . . .     SeeInvis .     a - +0 mace
rCold  . . .     Gourm    .     d - -1 leather armour (curse)
rNeg   + . .     Faith    .     (no shield)
rPois  ∞         Spirit   .     (no helmet)
rElec  +         Dismiss  .     (no cloak)
rCorr  .         Reflect  .     (no gloves)
MR     .....     Harm     .     (no boots)
Stlth  +......... Rnd*Tele +    (no amulet)
                                f - ring of teleportation (curse)
                                h - +4 ring of dexterity

@: no status effects
A: negative energy resistance 1, electricity resistance, unbreathing,
petrification resistance, rot immunity, AC +2
a: Berserk, Burn Spellbooks, Renounce Religion


You were on level 1 of the Dungeon.
You worshipped Trog.
Trog was aware of your devotion.
You were not hungry.

You visited 1 branch of the dungeon, and saw 1 of its levels.

You collected 28 gold pieces.

Inventory:

Hand Weapons
 a - a +0 mace (weapon)
Armour
 d - a cursed -1 leather armour (worn)
 i - a +0 scale mail
Jewellery
 f - a cursed ring of teleportation (right hand)
 h - a +4 ring of dexterity (left hand)
Scrolls
 e - a scroll of enchant armour {unknown}
 j - a scroll of recharging
 k - a scroll of amnesia {unknown}
 n - a scroll of teleportation {unknown}
 o - a scroll of magic mapping {unknown}
Potions
 b - a potion of curing {unknown}
 g - a potion of lignification {unknown}
 m - a potion of heal wounds {unknown}
 q - 2 potions of resistance {unknown}
Comestibles
 c - a bread ration
 l - a beef jerky
 p - 3 chunks of flesh


   Skills:
 + Level 3.6 Fighting
 + Level 3.3 Maces & Flails
 + Level 2.3 Armour
 + Level 1.7 Dodging


You had one spell level left.
You didn't know any spells.

Dungeon Overview and Level Annotations

Branches:
Dungeon (1/15)

Altars:


Innate Abilities, Weirdness & Mutations

You are resistant to torment.
Your stone body is resilient. (AC +2)
You are immune to poison.
You resist negative energy. (rN+)
You are resistant to electric shocks. (rElec)
You can survive without breathing.
You are immune to petrification.
You are immune to rotting.


Message History

You kill the kobold!
Trog accepts your kill. The hobgoblin hits you. x2
A goblin comes into view.
You hit the hobgoblin.
The hobgoblin is severely wounded.
The jackal closely misses you. The jackal barely misses you.
The hobgoblin hits you.
* * * LOW HITPOINT WARNING * * *
You are too injured to fight recklessly!
You are too injured to fight recklessly!
You are too injured to fight recklessly!
As you read the scroll labeled YRUTZU RYOCSA, it crumbles to dust.
It is a scroll of recharging.
You aren't carrying any rechargeable items.
The jackal bites you.
* * * LOW HITPOINT WARNING * * *
The hobgoblin barely misses you. The jackal bites you.
You die...

.# #.......# ..## ##.###
##.###### #... .....#
#.# ###.#. . ..)# ##'##
##....##.# ####.#
##...## #......(
.....###.....###.8...
.######.......##.)g#
..####.........##(##
.....'.........'@hg#
..####.........#.8...8..
.## ##.......##(..#...#
## ##.....####.###.##
##...## ... ..# ##'##
.8.. ... ## ######.###
..... #. .# #........#
##... .# #.####.#.#


You could see a jackal, a hobgoblin and a goblin.

Vanquished Creatures
  3 dart slugs (D:1)
  A jackal (D:1)
  2 kobolds (D:1)
  A bat (D:1)
  3 frilled lizards (D:1)
  A goblin (D:1)
  2 rats (D:1)
13 creatures vanquished.

Notes
Turn   | Place    | Note
-------+----------+-------------------------------------------
     0 | D:1      | Gorfmaster the Gargoyle Berserker began the quest for the Orb.
     0 | D:1      | Reached XP level 1. HP: 14/14 MP: 1/1
   489 | D:1      | Reached XP level 2. HP: 19/19 MP: 2/2
   762 | D:1      | Slain by a jackal

Vault maps used:
D:1:      lemuel_arrival_tunnels, minmay_misc_feat_four_crosses

Action                   || total
-------------------------++-------
Melee: Mace              ||    34
  Use: Scroll            ||     1
 Stab: Sleeping          ||     1
Armor: Leather armour    ||    24
Dodge: Dodged            ||    22
